 Dungeon Crawl Stone Soup version 0.27-a0-1196-g3e9cee4 (webtiles) character file.

Game seed: 15737411227097553189

1822 GeorgeSoros the Thaumaturge (level 9, -13/64 (66) HPs)
             Began as a Gnoll Wanderer on May 28, 2021.
             Killed by divine providence
             ... invoked by an orc priest
              (16 damage)
             ... on level 6 of the Dungeon.
             The game lasted 00:17:28 (7448 turns).

GeorgeSoros the Thaumaturge (Gnoll Wanderer)        Turns: 7448, Time: 00:17:29

HP:   -13/64 (66)   AC:  9    Str: 12    XL:     9   Next: 10%
MP:   21/21         EV: 10    Int: 14    God:
Gold: 258           SH:  0    Dex: 12    Spells: 24/24 levels left

rFire    . . .     SeeInvis .   e - +0 trident (flame)
rCold    + . .     Faith    .   (no shield)
rNeg     . . .     Spirit   .   k - +2 scale mail {rC+}
rPois    .         Reflect  .   (no helmet)
rElec    .         Harm     .   (no cloak)
rCorr    .         Rampage  .   (no gloves)
Will     .....                  (no boots)
Stlth    ++........             o - amulet of the acrobat
HPRegen  0.20/turn              (no ring)
MPRegen  0.17/turn              (no ring)

@: lightly drained
A: fangs 1, strong nose, distributed training
a: no special abilities


You were on level 6 of the Dungeon.
You visited 1 branch of the dungeon, and saw 6 of its levels.
You also visited: Sewer.

You collected 258 gold pieces.

Inventory:

Hand Weapons
 e - a +0 trident of flaming (weapon)
Missiles
 g - a throwing net
 h - 4 boomerangs (quivered)
Armour
 k - a +2 scale mail of cold resistance (worn)
Jewellery
 o - an amulet of the acrobat (around neck)
 q - an amulet of regeneration
Wands
 s - a wand of flame (14)
Scrolls
 j - a scroll of magic mapping
 l - a scroll of fog
 m - 3 scrolls of fear
 n - 2 scrolls of teleportation
 t - a scroll of amnesia
Potions
 b - 2 potions of haste
 d - 2 potions of heal wounds
 p - 2 potions of brilliance
 r - a potion of flight
 u - 2 potions of magic


   Skills:
 + Level 4.7 Fighting
 + Level 3.9 Short Blades
 + Level 3.9 Long Blades
 + Level 3.9 Axes
 + Level 3.9 Maces & Flails
 + Level 3.9 Polearms
 + Level 3.9 Staves
 + Level 3.9 Slings
 + Level 3.9 Bows
 + Level 3.9 Crossbows
 + Level 4.7 Throwing
 + Level 3.9 Armour
 + Level 3.9 Dodging
 + Level 5.8 Stealth
 + Level 3.9 Shields
 + Level 4.7 Unarmed Combat
 + Level 8.2 Spellcasting
 + Level 3.2 Conjurations
 + Level 3.2 Hexes
 + Level 3.2 Summonings
 + Level 3.2 Necromancy
 + Level 3.2 Translocations
 + Level 3.2 Transmutations
 + Level 3.2 Fire Magic
 + Level 3.9 Ice Magic
 + Level 3.9 Air Magic
 + Level 3.2 Earth Magic
 + Level 3.2 Poison Magic
 + Level 4.3 Invocations
 + Level 3.9 Evocations


You had 24 spell levels left.
You didn't know any spells.
Your spell library was empty.

Dungeon Overview and Level Annotations

Branches:
Dungeon (6/15)              Sewer (visited)
 Temple: D:4-7

Altars:
Cheibriados
Dithmenos
Fedhas
Gozag
Nemelex Xobeh
Qazlal
Sif Muna
Xom


Innate Abilities, Weirdness & Mutations

You have very sharp teeth.
Your uncanny sense of smell can sniff out nearby items.
Your experience applies equally to all skills.


Message History

A puff of flame appears from out of thin air!
The puff of flame misses you.
You barely miss something. Something hits you.
* * * LOW HITPOINT WARNING * * *
You feel drained.
* * * LOW HITPOINT WARNING * * *
An orc priest comes into view. It is wielding a +0 club.
The orc priest shouts!
An orc wizard comes into view. It is wielding a +0 dagger.
A magic dart appears from out of thin air!
The magic dart hits you.
* * * LOW HITPOINT WARNING * * *
The orc priest moves out of view.
Things that are here:
a +0 trident; a +0 chain mail; an orc corpse
Aiming: Corrosive Bolt
Press: ? - help, Shift-Dir - straight line The bolt of acid hits something!
Reactivating autopickup.
You feel a bit more experienced.
The orc wizard shouts!
The now-empty wand crumbles to dust.
You hear a shout!
The shadow strikes at you from the darkness!
* * * LOW HITPOINT WARNING * * *
You closely miss the shadow. The shadow hits you.
Unknown command.
As you read the scroll of fear, it crumbles to dust.
You assume a fearsome visage.
The orc wizard looks frightened!
The shadow is unaffected.
The orc wizard gestures at itself while chanting.
The orc wizard flickers and vanishes!
Deactivating autopickup; reactivate with Ctrl-A.
The shadow completely misses you.
Blink to where?
Press: ? - help, Dir - move target
As you read the scroll of blinking, it crumbles to dust.
The orc priest mumbles some strange prayers to Beogh against you.
Beogh smites you!
You die...

#.#.##.# #.#.##.#
#......######
$####...........#
.oo....>...####.#
.W.....<..#####.##### #
.####...#........># ≈≈≈
#.###.........# #...##
#.# #...@.....# #
......##>###.........##.#
#o)................#
#.#.#..........)###
###.#.o........)..#
..#.###W#.........#
#.#.){).#.........#
#.###########.###### #.#
#......#


You could see a shadow and an orc priest.

Vanquished Creatures
  Grinder (D:3)
  Sigmund (D:3)
  An orc warrior (D:6)
  A sky beast (D:6)
  3 ogres
  A phantom (D:5)
  A kobold brigand (D:6)
  A bullfrog (D:6)
  3 scorpions
  2 water moccasin skeletons (D:5)
  2 hounds
  2 jellies
  2 orc priests (D:5)
  A bullfrog skeleton (D:6)
  A centaur skeleton (D:6)
  Jessica (D:2)
  4 orc wizards
  A hound zombie (D:5)
  A hound skeleton (D:4)
  A howler monkey skeleton (D:6)
  3 adders
  A gnoll (D:1)
  An ufetubus (D:5)
  3 worms
  3 dart slugs
  10 orcs
  10 endoplasms
  6 giant cockroaches
  4 hobgoblins
  9 jackals
  6 quokkas
  9 ball pythons
  6 bats
  8 frilled lizards
  7 goblins
  23 kobolds
  2 rats
142 creatures vanquished.

Vanquished Creatures (others)
  15 plants
15 creatures vanquished.

Grand Total: 157 creatures vanquished

Notes
Turn   | Place    | Note
-------+----------+-------------------------------------------
     0 | D:1      | GeorgeSoros the Gnoll Wanderer began the quest for the Orb.
     0 | D:1      | GeorgeSoros set off with the following items: a +0 club, a
                  | potion of haste, a potion of curing, a potion of
                  | lignification, a +0 robe, a scroll of blinking, a +0 dagger
     0 | D:1      | Reached XP level 1. HP: 17/17 MP: 8/8
   163 | D:1      | Reached XP level 2. HP: 17/23 MP: 10/10
   547 | D:1      | Reached XP level 3. HP: 27/28 MP: 11/11
   667 | D:1      | Found a faded altar of an unknown god.
   706 | D:1      | Reached skill level 1 in Invocations
  1201 | D:2      | Reached skill level 1 in Short Blades
  1201 | D:2      | Reached skill level 1 in Long Blades
  1201 | D:2      | Reached skill level 1 in Axes
  1201 | D:2      | Reached skill level 1 in Maces & Flails
  1201 | D:2      | Reached skill level 1 in Polearms
  1201 | D:2      | Reached skill level 1 in Staves
  1201 | D:2      | Reached skill level 1 in Slings
  1201 | D:2      | Reached skill level 1 in Bows
  1201 | D:2      | Reached skill level 1 in Crossbows
  1201 | D:2      | Reached skill level 1 in Armour
  1201 | D:2      | Reached skill level 1 in Dodging
  1201 | D:2      | Reached skill level 1 in Shields
  1201 | D:2      | Reached skill level 1 in Evocations
  1237 | D:2      | Noticed Jessica
  1243 | D:2      | Killed Jessica
  1244 | D:2      | Reached XP level 4. HP: 23/34 MP: 13/13
  1519 | D:2      | Reached skill level 1 in Conjurations
  1519 | D:2      | Reached skill level 1 in Hexes
  1519 | D:2      | Reached skill level 1 in Summonings
  1519 | D:2      | Reached skill level 1 in Necromancy
  1519 | D:2      | Reached skill level 1 in Translocations
  1519 | D:2      | Reached skill level 1 in Transmutations
  1519 | D:2      | Reached skill level 1 in Fire Magic
  1519 | D:2      | Reached skill level 1 in Earth Magic
  1519 | D:2      | Reached skill level 1 in Poison Magic
  1886 | D:3      | Noticed Grinder
  1898 | D:3      | Paralysed by Grinder for 5 turns
  1911 | D:3      | Paralysed by Grinder for 2 turns
  1921 | D:3      | Killed Grinder
  1922 | D:3      | Reached XP level 5. HP: 30/41 MP: 14/14
  1922 | D:3      | Reached XP level 6. HP: 35/47 MP: 16/16
  2199 | D:3      | Found a sparkling altar of Nemelex Xobeh.
  2232 | D:3      | Found a snail-covered altar of Cheibriados.
  2233 | D:3      | Found a shadowy altar of Dithmenos.
  2233 | D:3      | Found a stormy altar of Qazlal.
  2235 | D:3      | Found a blossoming altar of Fedhas.
  2556 | D:3      | Noticed Sigmund
  2567 | D:3      | Killed Sigmund
  2568 | D:3      | Reached XP level 7. HP: 39/52 MP: 18/18
  3532 | D:4      | Found a glowing drain.
  3557 | Sewer    | Entered a sewer
  4612 | D:4      | Reached skill level 5 in Stealth
  5031 | D:5      | Entered Level 5 of the Dungeon
  5107 | D:5      | Found a shimmering altar of Xom.
  5307 | D:5      | Reached XP level 8. HP: 53/60 MP: 19/19
  6237 | D:5      | Found a shimmering blue altar of Sif Muna.
  6257 | D:5      | Found an opulent altar of Gozag.
  6428 | D:6      | Reached skill level 8 in Spellcasting
  6988 | D:6      | HP: 3/61 [poisoned by a scorpion]
  7371 | D:6      | Reached XP level 9. HP: 62/66 MP: 21/21
  7445 | D:6      | HP: 3/64 [something (6)]
  7448 | D:6      | Killed from afar by an orc priest

Illustrated notes

Levels and vault maps discovered:
D:1:      scummos_arrival_simple_crosswalls, layout_basic,
          chequers_ecumenical_altar_island
D:2:      layout_basic, serial_forest, infiniplex_forest_clump_cross,
          infiniplex_forest_clump_cross, infiniplex_forest_straight_5,
          infiniplex_forest_lined_3, infiniplex_forest_lined_ring,
          infiniplex_forest_clump_small, infiniplex_forest_clump_small,
          uniq_jessica
D:3:      cheibrodos_old_hovel, layout_basic,
          chequers_temple_overflow_statue_of_worship, old_standard_altar,
          kennysheep_generic_room_4, uniq_grinder, uniq_sigmund
D:4:      minmay_wonky_spiral, layout_cave_pools, serial_column_ruins,
          column_ruins_pillar_5, column_ruins_pillar_1, column_ruins_pillar_3,
          column_ruins_pillar_6, column_ruins_pillar_3, column_ruins_pillar_2,
          column_ruins_pillar_9, column_ruins_pillar_3, column_ruins_pillar_3,
          column_ruins_pillar_6, column_ruins_pillar_1, portal_sewer_entry_f
D:5:      layout_basic, marbit_many_paths, kennysheep_mini,
          nicolae_overflow_hidden_temple, hangedman_decor_lopped,
          serial_bayou_lagoon_a
D:6:      layout_loops_ring, serial_rivers, chequers_serial_rivers_room_b,
          chequers_serial_rivers_large_b, chequers_serial_rivers_micro_c,
          chequers_serial_rivers_micro_a, uniq_blork_the_orc

Skill      XL: |  1  2  3  4  5  6  7  8 |
---------------+-------------------------+-----
Ice Magic      | 2 3 |  3.9
Air Magic      | 2 3 |  3.9
Invocations    | 1 2 3 4 |  4.3
Short Blades   | 1 2 3 |  3.9
Long Blades    | 1 2 3 |  3.9
Axes           | 1 2 3 |  3.9
Maces & Flails | 1 2 3 |  3.9
Polearms       | 1 2 3 |  3.9
Staves         | 1 2 3 |  3.9
Slings         | 1 2 3 |  3.9
Bows           | 1 2 3 |  3.9
Crossbows      | 1 2 3 |  3.9
Armour         | 1 2 3 |  3.9
Dodging        | 1 2 3 |  3.9
Shields        | 1 2 3 |  3.9
Evocations     | 1 2 3 |  3.9
Conjurations   | 1 2 3 |  3.2
Hexes          | 1 2 3 |  3.2
Summonings     | 1 2 3 |  3.2
Necromancy     | 1 2 3 |  3.2
Translocations | 1 2 3 |  3.2
Transmutations | 1 2 3 |  3.2
Fire Magic     | 1 2 3 |  3.2
Earth Magic    | 1 2 3 |  3.2
Poison Magic   | 1 2 3 |  3.2
Fighting       | 3 4 |  4.7
Throwing       | 3 4 |  4.7
Unarmed Combat | 3 4 |  4.7
Stealth        | 5 |  5.8
Spellcasting   | 8 |  8.2

Action                   |  1- 3 |  4- 6 |  7- 9 || total
-------------------------+-------+-------+-------++-------
Melee: Dagger            |    22 |       |       ||    22
       Bite              |     9 |    10 |    32 ||    51
       Trident           |   113 |    83 |   351 ||   547
       Punch             |     1 |       |     3 ||     4
       Unarmed           |       |     8 |       ||     8
Throw: Boomerang         |     4 |     6 |    69 ||    79
Evoke: Wand              |       |     4 |     4 ||     8
  Use: Scroll            |     1 |     6 |     9 ||    16
       Potion            |       |     3 |     3 ||     6
 Stab: Sleeping          |     4 |       |     1 ||     5
       Distracted        |     1 |       |       ||     1
Armor: Leather armour    |    16 |       |       ||    16
       Chain mail        |    77 |    45 |       ||   122
       Skin              |       |     5 |       ||     5
       Scale mail        |       |     1 |   135 ||   136
Dodge: Dodged            |    52 |    19 |   143 ||   214

Table legend: (Time is in decaauts)
 A = Elapsed time spent in this place.
 B = Non-inter-level travel time spent in this place.
 C = Inter-level travel time spent in this place.
 D = Time resting spent in this place.
 E = Time spent auto-exploring this place.
 F = Levels seen in this place.
 G = Mean time per level.
                   A        B        C        D        E       F      G
               +--------+--------+--------+--------+--------+-----+--------+
         Total |   7778 |   7665 |    113 |     73 |   5920 |   7 | 1111.1 |
       Dungeon |   6627 |   6514 |    113 |     73 |   5138 |   6 | 1104.5 |
         Sewer |   1150 |   1150 |      0 |      0 |    782 |   1 | 1150.0 |
               +--------+--------+--------+--------+--------+-----+--------+

Top non-repeatable levels by time:
     D:3: 1492 daAuts
     D:5: 1366 daAuts
   Sewer: 1150 daAuts
     D:6: 1092 daAuts
     D:1: 945 daAuts
     D:2: 927 daAuts
     D:4: 803 daAuts
